 Dungeon Crawl Stone Soup version 0.31.0-32-g396128a36d (webtiles) character file.

Game seed: 4831018721548061823

503 Manslay the Magician (level 6, -2/43 HPs)
             Began as a Mummy Conjurer on Apr 8, 2024.
             Slain by a hound (8 damage)
             ... on level 5 of the Dungeon.
             The game lasted 00:09:34 (4151 turns).

Manslay the Magician (Mummy Conjurer)               Turns: 4151, Time: 00:09:34

Health: -2/43      AC:  3    Str: 11    XL:     6   Next: 96%
Magic:  13/13      EV: 12    Int: 19    God:
Gold:   264        SH:  0    Dex: 10    Spells: 6/15 levels left

rFire   x . .        c - +3 short sword (chaos)
rCold   + . .        (no shield)
rNeg    + + +        a - +0 robe
rPois   ∞            (no helmet)
rElec   .            (no cloak)
rCorr   .            e - +0 pair of gloves
SInv    .            (no boots)
Will    .....        (no amulet)
Stlth   ++           (no ring)
HPRegen 0.27/turn    (no ring)
MPRegen 0.13/turn

%: faith
@: no status effects
A: cold resistance 1, negative energy resistance 3, torment resistance 2, heat
vulnerability 1, in touch with death 1, no potions, faith
a: no special abilities


You were on level 5 of the Dungeon.
You visited 1 branch of the dungeon, and saw 5 of its levels.

You collected 264 gold pieces.

Inventory:

Hand Weapons
 c - a +3 short sword of chaos (weapon)
Armour
 a - a +0 robe (worn)
 e - a +0 pair of gloves (worn)
Wands
 f - a wand of iceblast (9)
Scrolls
 g - a scroll of teleportation
 h - a scroll of identify


   Skills:
 + Level 1.0 Fighting
 - Level 2.0 Dodging
 - Level 2.0 Stealth
 + Level 5.1 Spellcasting
 + Level 4.5 Conjurations
 * Level 2.2 Translocations
 * Level 2.2 Alchemy


You had 6 spell levels left.
You knew the following spells:

 Your Spells              Type           Power      Damage    Failure   Level
a - Magic Dart            Conj           88%        1d7       1%          1
b - Fulminant Prism       Conj/Alch      8%         3d7       30%         4
c - Iskenderun's Mystic   Conj/Tloc      17%        2d5       30%         4

Your spell library contained the following spells:

 Spells                   Type           Power      Damage    Failure   Level
 Searing Ray              Conj           44%        2d6       2%          2
 Shock                    Conj/Air       52%        1d6       4%          1
 Momentum Strike          Conj/Tloc      34%        3d8       4%          2
 Blink                    Tloc           26%        N/A       8%          2
 Lesser Beckoning         Tloc           26%        N/A       8%          2
 Volatile Blastmotes      Fire/Tloc      18%        2d11      22%         3
 Swiftness                Air            4%         N/A       36%         3
 Airstrike                Air            2%         2d(1-17)  77%         4
 Malign Gateway           Summ/Tloc      4%         N/A       100%        7
 Summon Horrible Things   Summ           2%         N/A       100%        8


Dungeon Overview and Level Annotations

Branches:
Dungeon (5/15)
 Temple: D:4-7

Altars:
Uskayaw

Annotations:
D:5 1 transporter


Innate Abilities, Weirdness & Mutations

You are immune to poison.
Your flesh is cold resistant. (rC+)
You are immune to negative energy. (rN+++)
You are immune to unholy pain and torment.
You are vulnerable to heat. (rF-)
You are in touch with the powers of death.
You do not drink.
You have a special connection with the divine. (Faith)


Message History

The hound bites you. x2
You barely miss the hound. The hound misses you.
You closely miss the hound. The hound bites you. x2
* * * LOW HITPOINT WARNING * * *
Unknown command.
You hit the hound. You freeze the hound.
The hound is moderately wounded.
The hound barely misses you.
You hit the hound.
The hound is moderately wounded.
The hound misses you. x2
You completely miss the hound.
The hound is moderately wounded.
The hound bites you but does no damage.
Unknown command.
You closely miss the hound.
The hound is moderately wounded.
The hound misses you. x2
You hit the hound. You burn the hound.
The hound is heavily wounded.
The hound barely misses you.
You barely miss the hound.
The hound is heavily wounded.
The hound barely misses you. The hound misses you.
You hit the hound. You burn the hound.
The hound is almost dead.
The hound bites you.
* * * LOW HITPOINT WARNING * * *
You barely miss the hound.
The hound is almost dead.
The hound closely misses you. The hound bites you.
* * * LOW HITPOINT WARNING * * *
You hit the hound.
The hound suddenly seems more resistant.
The hound is almost dead.
The hound barely misses you.
You closely miss the hound.
The hound is almost dead.
The hound misses you. The hound bites you!
You die...

#++# #~..~
#~~. #
###~~♣.♣ #.
##.'...♣
#.###..'..♣
#.....##~~♣
###h### ~~..
#@#### ~..~
#....####++#
###........#
#.########
##.# ##..#
##..##
##..## #..##


You could see a hound (strong, resistant).

Vanquished Creatures
  An ice beast (D:4)
  An ogre (D:4)
  2 scorpions
  A hound (D:4)
  2 iguanas (D:4)
  4 adders
  2 dart slugs
  5 orcs
  7 ball pythons
  8 endoplasms
  6 giant cockroaches
  3 goblins
  5 hobgoblins
  4 jackals (D:1)
  2 quokkas
  A bat (D:3)
  5 frilled lizards
  4 kobolds
  7 rats
70 creatures vanquished.

Vanquished Creatures (collateral kills)
  A bombardier beetle (D:4)
  A kobold (D:4)
2 creatures vanquished.

Vanquished Creatures (others)
  2 fulminant prisms (D:4)
2 creatures vanquished.

Grand Total: 74 creatures vanquished

Notes
Turn   | Place    | Note
-------+----------+-------------------------------------------
     0 | D:1      | Manslay the Mummy Conjurer began the quest for the Orb.
     0 | D:1      | Reached XP level 1. HP: 13/13 MP: 4/4
   406 | D:1      | Reached XP level 2. HP: 19/19 MP: 3/5
  1567 | D:2      | Reached XP level 3. HP: 24/24 MP: 1/7
  1832 | D:2      | Reached skill level 3 in Spellcasting
  2251 | D:3      | Found a hide-covered altar of Uskayaw.
  2740 | D:3      | Reached skill level 1 in Translocations
  2740 | D:3      | Reached XP level 4. HP: 30/30 MP: 3/9
  2753 | D:3      | Learned a level 4 spell: Fulminant Prism
  2758 | D:3      | Learned a level 4 spell: Iskenderun's Mystic Blast
  3263 | D:4      | Noticed a scorpion
  3271 | D:4      | Killed a scorpion
  3272 | D:4      | Reached skill level 1 in Alchemy
  3273 | D:4      | Reached XP level 5. HP: 31/35 MP: 8/10
  3305 | D:4      | Noticed an ogre
  3309 | D:4      | Noticed an ice beast
  3336 | D:4      | Killed an ice beast
  3337 | D:4      | Reached skill level 4 in Spellcasting
  3337 | D:4      | Reached XP level 6. HP: 39/42 MP: 4/12
  3926 | D:5      | Entered Level 5 of the Dungeon
  3978 | D:5      | Found a transporter.
  4139 | D:5      | Reached skill level 1 in Fighting
  4139 | D:5      | Reached skill level 5 in Spellcasting
  4151 | D:5      | Slain by a hound

Illustrated notes

Levels and vault maps discovered:
D:1:      dpeg_arrival_round_c, layout_loops_corners, minmay_gold_behind_fungi
D:2:      layout_rooms
D:3:      layout_loops_ring, mainiacjoe_overflow_alcove_1
D:4:      layout_rooms, lemuel_doored_altar
D:5:      minmay_inner_zag, layout_basic, gammafunk_ghost_mausoleum,
          kennysheep_generic_room_3

Skill      XL: |  1  2  3  4  5  6 |
---------------+-------------------+-----
Spellcasting   | 3 4 5 |  5.1
Translocations | 1 2 |  2.2
Stealth        | 2 |  2.0
Conjurations   | 4 |  4.5
Alchemy        | 1 2 |  2.2
Dodging        | 2 |  2.0
Fighting       | 1 |  1.0

Action                     |  1- 3 |  4- 6 || total
---------------------------+-------+-------++-------
  Melee: Unarmed           |     4 |       ||     4
         Hand axe          |    10 |       ||    10
         Short sword       |    12 |    71 ||    83
         Punch             |     1 |       ||     1
   Cast: Magic Dart        |    87 |    33 ||   120
         Fulminant Prism   |       |     2 ||     2
    Use: Scroll            |       |    10 ||    10
   Stab: Sleeping          |     2 |     1 ||     3
 Armour: Robe              |    14 |    40 ||    54
  Dodge: Dodged            |    16 |    45 ||    61

Table legend: (Time is in decaauts)
 A = Elapsed time spent in this place.
 B = Non-inter-level travel time spent in this place.
 C = Inter-level travel time spent in this place.
 D = Time resting spent in this place.
 E = Time spent auto-exploring this place.
 F = Levels seen in this place.
 G = Mean time per level.
                   A        B        C        D        E       F      G
               +--------+--------+--------+--------+--------+-----+--------+
         Total |   4152 |   3950 |    202 |    432 |   2963 |   5 |  830.4 |
       Dungeon |   4152 |   3950 |    202 |    432 |   2963 |   5 |  830.4 |
               +--------+--------+--------+--------+--------+-----+--------+

Top non-repeatable levels by time:
     D:1: 1552 daAuts
     D:3: 1042 daAuts
     D:4: 670 daAuts
     D:2: 662 daAuts
     D:5: 224 daAuts

Table legend:
 A = Kills in this place as a percentage of kills in the entire game.
 B = Kills by you in this place as a percentage of kills by you in the entire game.
 C = Kills by friends in this place as a percentage of kills by friends in the entire game.
 D = Other kills in this place as a percentage of other kills in the entire game.
 E = Experience gained in this place as a percentage of experience gained in the entire game.
 F = Experience gained in this place divided by the number of levels of this place that you have seen.
                   A       B       C       D       E      F
               +-------+-------+-------+-------+-------+----------------------
         Total | 100.0 | 100.0 | 100.0 |   N/A | 100.0 | 143.8
       Dungeon | 100.0 | 100.0 | 100.0 |   N/A | 100.0 | 143.8
               +-------+-------+-------+-------+-------+----------------------

Action                     |  1- 3 |  4- 6 || total
---------------------------+-------+-------++-------
  Melee: Unarmed           |     4 |       ||     4
         Hand axe          |    10 |       ||    10
         Short sword       |    12 |    71 ||    83
         Punch             |     1 |       ||     1
   Cast: Magic Dart        |    87 |    33 ||   120
         Fulminant Prism   |       |     2 ||     2
    Use: Scroll            |       |    10 ||    10
   Stab: Sleeping          |     2 |     1 ||     3
 Armour: Robe              |    14 |    40 ||    54
  Dodge: Dodged            |    16 |    45 ||    61
